 Dungeon Crawl Stone Soup version 0.18-a0-1511-g2a0da85 (webtiles) character file.

98 useraccount the Insei (level 4, -6/24 HPs)
             Began as a Vine Stalker Monk on Feb 27, 2016.
             Mangled by an orc priest
             ... wielding a +1 flail of distortion
              (7 damage)
             ... on level 3 of the Dungeon.
             The game lasted 00:01:44 (1491 turns).

useraccount the Insei (Vine Stalker Monk)           Turns: 1491, Time: 00:01:44

Health: -6/24      AC:  8    Str: 15    XL:     4   Next: 71%
Magic:  0/5        EV:  7    Int: 10    God:
Gold:   134        SH:  0    Dex: 16    Spells: 0 memorised, 3 levels left

rFire  . . .     SeeInvis .       - Unarmed
rCold  . . .     Gourm    .     h - +0 chain mail
rNeg   . . .     Faith    .     (no shield)
rPois  .         Spirit   +     (no helmet)
rElec  .         Dismiss  .     (no cloak)
rCorr  .         Reflect  .     (no gloves)
SustAt .         Harm     .     (no boots)
MR     .....                    (no amulet)
Stlth  ..........               (no ring)
                                k - ring of stealth

@: not resistant to hostile enchantments, extremely unstealthy
A: fangs 2, regeneration 1, magic shield, antimagic bite, no device heal 3, rot
immunity
a: no special abilities


You were on level 3 of the Dungeon.
You were not hungry.

You visited 1 branch of the dungeon, and saw 3 of its levels.

You collected 134 gold pieces.

Inventory:

Armour
 h - a +0 chain mail (worn)
Jewellery
 k - a ring of stealth (left hand)
Scrolls
 c - 2 scrolls of remove curse {unknown}
 d - 9 scrolls of identify {unknown}
 e - a scroll of amnesia {unknown}
 f - a scroll of immolation {unknown}
 g - 2 scrolls of teleportation {unknown}
Potions
 a - a potion of berserk rage {unknown}
 i - a potion of curing {unknown}
 j - a potion of cure mutation {unknown}
 l - a potion of flight {unknown}
 m - a potion of brilliance {unknown}
 q - a potion of resistance {unknown}
Comestibles
 b - a bread ration
 n - 2 chunks of flesh
 o - a meat ration
 p - a slice of pizza


   Skills:
 + Level 3.3 Fighting
 + Level 0.8 Armour
 + Level 2.8 Dodging
 + Level 3.0 Stealth
 * Level 4.6 Unarmed Combat


You had 3 spell levels left.
You didn't know any spells.

Dungeon Overview and Level Annotations

Branches:
Dungeon (3/15)

Altars:
Nemelex Xobeh
Vehumet


Innate Abilities, Weirdness & Mutations

You have extremely sharp teeth.
Your natural rate of healing is unusually fast.
When hurt, damage is shared between your health and your magic reserves.
Your bite disrupts and absorbs the magic of your enemies.
Potions and wands cannot restore your health.
You are immune to rotting.


Message History

The orc hits you but does no damage.
You hit the orc. You bite the orc, but do no damage.
The orc is severely wounded.
You hit the orc.
You kill the orc!
You hit the orc priest but do no damage.
You bite the orc priest. You drain its power.
You feel invigorated.
The orc priest is moderately wounded.
Your chain mail prevents you from hitting the orc priest.
Your bite misses the orc priest.
The orc priest is moderately wounded.
The orc priest invokes the aid of Beogh against you.
Beogh smites you!
* * * LOW HITPOINT WARNING * * *
You hit the orc priest but do no damage.
The orc priest is moderately wounded.
The orc priest hits you with a flail of distortion.
* * * LOW HITPOINT WARNING * * *
Space warps horribly around you!
You die...

#.........#
#####.........#
...............
#####..........
#.........# .
#........## ...
####........##
.....######.............
.....oo@..........######
.....####....(....# ...
#.........# #
###########


You could see an orc priest and an orc.

Vanquished Creatures
  An orc wizard (D:3)
  2 adders (D:2)
  An ooze (D:3)
  A dart slug (D:1)
  A giant gecko (D:2)
  2 orcs (D:3)
  A ball python (D:2)
  4 giant cockroaches
  6 goblins
  3 hobgoblins
  2 jackals (D:2)
  A quokka (D:3)
  6 bats
  3 giant newts
  2 kobolds
  4 rats
40 creatures vanquished.

Notes
Turn   | Place    | Note
--------------------------------------------------------------
     0 | D:1      | useraccount the Vine Stalker Monk began the quest for the Orb.
     0 | D:1      | Reached XP level 1. HP: 11/11 MP: 2/2
    68 | D:1      | Reached XP level 2. HP: 16/16 MP: 3/3
   616 | D:2      | Reached XP level 3. HP: 17/20 MP: 4/4
   834 | D:2      | Found a radiant altar of Vehumet.
  1208 | D:3      | Reached XP level 4. HP: 24/24 MP: 5/5
  1368 | D:3      | Found a sparkling altar of Nemelex Xobeh.
  1491 | D:3      | HP: 1/24 [orc priest/flail of distortion (1)]
  1491 | D:3      | Mangled by an orc priest

Vault maps used:
D:1:      dpeg_arrival_connections
D:2:      fiery_altar_vehumet, serial_bayou_crossing
D:3:      nemelex_deck

Skill      XL: |  1  2  3  4 |
---------------+-------------+-----
Fighting       | 3 |  3.3
Stealth        | 3 |  3.0
Armour         | |  0.8
Dodging        | |  2.8
Unarmed Combat | |  4.6

Action                   |  1- 3 |  4- 6 || total
-------------------------+-------+-------++-------
Melee: Unarmed           |    87 |    36 ||   123
 Stab: Sleeping          |     2 |       ||     2
  Eat: Chunk             |     1 |     1 ||     2
